 Dungeon Crawl Stone Soup version 0.17-a0-1900-g45e8110 (webtiles) character file.

457 Anothat the Conjurer (level 6, 0/32 HPs)
             Began as a Deep Elf Conjurer on Sept 24, 2015.
             Hit by a stone thrown by an orc warrior (8 damage)
             ... on level 4 of the Dungeon.
             The game lasted 00:17:14 (3675 turns).

Anothat the Conjurer (Deep Elf Conjurer)            Turns: 3675, Time: 00:17:14

Health: 0/32       AC:  6    Str:  5    XL:     6   Next: 77%
Magic:  11/16      EV: 14    Int: 22    God:
Gold:   213        SH:  0    Dex: 15    Spells: 4 memorised, 6 levels left

rFire  . . .     SeeInvis +     d - +0 short sword
rCold  . . .     Clarity  .     a - +0 robe
rNeg   . . .     SustAt   .     (no shield)
rPois  .         Gourm    .     y - +0 helmet
rElec  .         Spirit   .     u - +2 cloak
rCorr  .         Warding  .     (no gloves)
rMut   .         Stasis   .     (no boots)
MR     .....                    (no amulet)
Stlth  ++........               (no ring)
                                w - ring of see invisible

@: not resistant to hostile enchantments, unstealthy
A: no striking features
a: no special abilities


You were on level 4 of the Dungeon.
You were not hungry.

You visited 1 branch of the dungeon, and saw 4 of its levels.

You collected 213 gold pieces.

Inventory:

Hand weapons
 d - a +0 short sword (weapon)
Armour
 a - a +0 robe (worn)
 u - a +2 cloak (worn)
 y - a +0 helmet (worn)
Jewellery
 w - a ring of see invisible (left hand)
Scrolls
 e - 3 scrolls of immolation {unknown}
 g - 3 scrolls of identify {unknown}
 h - a scroll of enchant weapon {unknown}
 l - 2 scrolls of teleportation {unknown}
 m - a scroll of enchant armour {unknown}
 n - 2 scrolls of blinking {unknown}
 o - 2 scrolls of noise {unknown}
 r - 2 scrolls of remove curse
 s - a scroll of recharging {unknown}
 x - a scroll of fear {unknown}
Potions
 f - a potion of resistance {unknown}
 j - a potion of flight {unknown}
 k - 2 potions of brilliance {unknown}
 p - a potion of might {unknown}
 q - a potion of agility {unknown}
 t - a potion of ambrosia {unknown}
 z - a potion of berserk rage {unknown}
Books
 b - a book of Conjurations

   Spells                             Type                      Level
   a - Magic Dart                     Conjuration                  1
   b - Searing Ray                    Conjuration                  2
   c - Dazzling Spray                 Conjuration/Hexes            3
   d - Fulminant Prism                Conjuration/Hexes            4
   e - Iskenderun's Mystic Blast      Conjuration                  4
   f - Iskenderun's Battlesphere      Conjuration/Charms           5
Comestibles
 c - 2 bread rations
 i - a chunk of flesh
 v - a meat ration


   Skills:
 * Level 4.1 Dodging
 - Level 2.4 Stealth
 + Level 5.6 Spellcasting
 + Level 7.3 Conjurations


You had 6 spell levels left.
You knew the following spells:

 Your Spells              Type           Power        Failure   Level  Hunger
a - Magic Dart            Conj           ####         1%          1    None
b - Searing Ray           Conj           #####.       1%          2    None
c - Dazzling Spray        Conj/Hex       ###.....     8%          3    ##.....
d - Iskenderun's Mystic   Conj           #####...     6%          4    ####...


Dungeon Overview and Level Annotations

Branches:
Dungeon (4/15)
 Temple: D:4-7

Altars:
Ashenzari
Trog

Annotations:
D:3 Loris's ghost, average MfTm


Message History

The spray of energy hits the orc warrior.
The orc warrior is moderately wounded.
The orc warrior is dazzled.
The orc warrior throws a stone.
The stone hits you! The orc wizard hits you with a dagger.
* * * LOW HITPOINT WARNING * * *
Things that are here:
a stone; a dagger of freezing You see here a club.
Casting: Dazzling Spray
Confirm with . or Enter, or press ? or * to list all spells.
Aiming: Magic Dart
Press: ? - help, Shift-Dir - straight line, f/p - orc wizard
Aim: an orc wizard, wielding a dagger and wearing a robe (almost dead, blind)
The magic dart hits the orc wizard.
You kill the orc wizard!
Your Dodging skill increases to level 4!
Things that are here:
a club; a leather armour; a club The orc warrior throws a stone.
The stone hits you!
You die...

#..........######.#.
####..((......##
#...
........(...(..#
#... ###)....#.#.#
#... #.o.####..#.##
#... #..#(##...##..#
#...
#..##)#..#####)#
##.# (o.. #)#.#
#.###...# .8.o#
#@#.# ###..#..###
#...
#..)####..........
...
#.................
##
#...)..#.<..>.....
#..#######...#####
#).# ##..###.. #.##
#.[##..# ..#
##)#.... ....
#..)...


You could see an orc warrior.

Vanquished Creatures
  4 orc priests
  3 orc wizards (D:4)
  Crazy Yiuf (D:3)
  A worker ant (D:4)
  Robin (D:4)
  A gnoll (D:1)
  7 adders
  An ooze (D:1)
  A worm (D:2)
  4 giant geckos
  15 orcs
  13 goblins
  13 hobgoblins
  8 jackals
  6 kobolds
  2 quokkas
  A ball python (D:4)
  4 bats
  3 giant newts
  4 rats
93 creatures vanquished.

Notes
Turn   | Place    | Note
--------------------------------------------------------------
     0 | D:1      | Anothat the Deep Elf Conjurer began the quest for the Orb.
     0 | D:1      | Reached XP level 1. HP: 10/10 MP: 6/6
   118 | D:1      | Reached skill level 5 in Conjurations
   118 | D:1      | Reached XP level 2. HP: 4/15 MP: 0/8
   521 | D:1      | Reached XP level 3. HP: 19/19 MP: 5/9
   635 | D:1      | Learned a level 2 spell: Searing Ray
  1267 | D:2      | Reached XP level 4. HP: 24/24 MP: 8/11
  1360 | D:2      | Learned a level 3 spell: Dazzling Spray
  1365 | D:2      | Learned a level 4 spell: Iskenderun's Mystic Blast
  1550 | D:3      | Reached skill level 6 in Conjurations
  1582 | D:3      | Reached XP level 5. HP: 17/28 MP: 4/13
  1702 | D:3      | Found a bloodstained altar of Trog.
  1784 | D:3      | Noticed Crazy Yiuf
  1943 | D:3      | Killed Crazy Yiuf
  2234 | D:3      | Found a shattered altar of Ashenzari.
  2282 | D:3      | Found a faded altar to an unknown god.
  2282 | D:3      | Noticed a centaur
  2313 | D:3      | Noticed Loris's ghost (average MfTm)
  2585 | D:4      | HP: 1/28 [orc priest/divine providence (15)]
  2612 | D:4      | Reached skill level 5 in Spellcasting
  2926 | D:4      | Noticed Robin
  3230 | D:4      | Reached skill level 7 in Conjurations
  3230 | D:4      | Reached XP level 6. HP: 26/32 MP: 5/15
  3592 | D:4      | Killed Robin
  3667 | D:4      | Noticed an orc warrior
  3675 | D:4      | Hit by a stone thrown by an orc warrior

Vault maps used:
D:1:      saegor_arrival_miasma, hangedman_decor_push, minmay_surrounded
D:3:      lemuel_blue_sif_altar, lemuel_coloured_pillars_altar, first_bread,
          ecumenical_altar_2, cheibrodos_ashenzari_chains,
          uniq_crazy_yiuf_cottage
D:4:      guppyfry_early_orc_mine, uniq_robin

Action                   |  1- 3 |  4- 6 || total
-------------------------+-------+-------++-------
Melee: Dagger            |     1 |       ||     1
       Short sword       |       |    19 ||    19
 Cast: Magic Dart        |    69 |   117 ||   186
       Searing Ray       |       |    10 ||    10
       Dazzling Spray    |       |     4 ||     4
       Iskenderun's Myst |       |     1 ||     1
  Use: Scroll            |     3 |       ||     3
       Potion            |       |     6 ||     6
  Eat: Chunk             |       |     3 ||     3
       Fruit             |       |     2 ||     2
       Bread ration      |       |     1 ||     1
